 Dungeon Sprint DCSS version 0.30.1-11-g7821555f0a (webtiles) character file.

Game seed: 8387809160160687622

317 Heoruswealwe the Spear-Bearer (level 6, -9/61 (62) HPs)
             Began as a Minotaur Fighter on Oct 29, 2023.
             Was an Initiate of Gozag.
             Mangled by a wyvern (12 damage)
             ... in the Dungeon (Sprint IX: "|||||||||||||||||||||||||||||").
             The game lasted 00:00:57 (113 turns).

Heoruswealwe the Spear-Bearer (Minotaur Fighter)     Turns: 113, Time: 00:00:57

HP:   -9/61 (62)    AC:  8    Str: 22    XL:     6   Next: 20%
MP:   5/5           EV:  9    Int:  5    God:    Gozag
Gold: 0             SH:  4    Dex: 10    Spells: 5/5 levels left

rFire   . . .        a - +0 trident
rCold   . . .        d - +0 buckler
rNeg    . . .        c - +0 scale mail
rPois   .            (helmet restricted)
rElec   .            (no cloak)
rCorr   .            (no gloves)
SInv    .            (no boots)
Will    .....        (no amulet) Stlth
                     (no ring)
HPRegen 0.30/turn    (no ring)
MPRegen 0.09/turn

%: no teleportation
@: lightly drained
A: horns 2, retaliatory headbutt
a: Renounce Religion, Potion Petition, Call Merchant, Bribe Branch


You were in the Dungeon.
You worshipped Gozag.
Gozag was noncommittal.
You visited 1 branch

Inventory:

Hand Weapons
 a - a +0 trident (weapon)
Armour
 c - a +0 scale mail (worn)
 d - a +0 buckler (worn)
Jewellery
 k - a +2 ring of protection
 l - a +2 ring of protection
Wands
 h - a wand of acid (10)
Scrolls
 j - 2 scrolls of blinking
Potions
 b - a potion of might
 e - 5 potions of curing
 f - 3 potions of heal wounds
 g - a potion of haste
 i - a potion of berserk rage


   Skills:
 + Level 8.7 Fighting
 * Level 11.3 Polearms
 + Level 8.7 Armour
 - Level 3.6 Shields


You had 5 spell levels left.
You didn't know any spells.
Your spell library was empty.

Dungeon Overview and Level Annotations

Branches:
Dungeon (1/1)

Altars:
Cheibriados
Dithmenos
Elyvilon
Fedhas
Gozag
Hepliaklqana
Kikubaaqudgha
Makhleb
Nemelex Xobeh
Okawaru
Qazlal
Ru
Sif Muna
Trog
Uskayaw
Vehumet
Wu Jian
Xom
Yredelemnul
Zin
The Shining One
Jiyva
Lugonu


Innate Abilities, Weirdness & Mutations

You have a pair of horns on your head.
You reflexively headbutt those who attack you in melee.


Message History

The howler monkey hits you but does no damage.
You puncture the howler monkey!
The howler monkey is severely wounded.
The howler monkey hits you.
You puncture the howler monkey!
You kill the howler monkey!
Your Polearms skill increases to level 11!
You hit the wyvern.
The wyvern is lightly wounded.
The wyvern barely misses you.
The wight hits you from afar with a +5 spear.
You feel drained.
You hit the wyvern.
The wyvern is lightly wounded.
The wyvern bites you but does no damage.
The wight hits you from afar with a +5 spear!
The wyvern is distracted by your dazzling golden aura.
Unknown command.
You barely miss the wyvern.
The wyvern is no longer distracted by gold.
You headbutt the wyvern.
The wyvern is moderately wounded.
The wyvern bites you!
* * * LOW HITPOINT WARNING * * *
You closely miss the wyvern.
The wyvern is moderately wounded.
The wight hits you but does no damage. The wyvern bites you!
* * * LOW HITPOINT WARNING * * *
You barely miss the wyvern.
The wyvern is moderately wounded.
The wight is distracted by your dazzling golden aura.
The wyvern barely misses you.
You hit the wyvern.
The wyvern is heavily wounded.
You block the wyvern's attack.
You hit the wyvern. Your headbutt misses the wyvern.
The wyvern is heavily wounded.
The wyvern bites you!
You die...
Your body crumbles into a pile of gold. $$$$$ $ $ $ $$$$$ $$$$$$ $ $ ▓▓▓▓▓▓▓▓▓▓▓▓▓▓▓▓▓▓▓▓▓▓▓▓ ...Kozl@.[[[.)?!'_______ ▓▓▓▓▓▓▓▓▓▓▓▓▓▓▓▓▓▓▓▓▓▓▓▓

You could see an orc warrior, a wyvern, a kobold brigand and a wight.

Vanquished Creatures
  A wraith (D)
  A black bear (D)
  A howler monkey (D)
  A hound (D)
  An ufetubus (D)
  A worm (D)
  A dart slug (D)
  A bat (D)
  A giant cockroach (D)
  A quokka (D)
  A kobold (D)
  A rat (D)
12 creatures vanquished.

Notes
Turn   | Place    | Note
-------+----------+-------------------------------------------
     0 | D        | Heoruswealwe the Minotaur Fighter began the quest for the
                  | Orb.
     0 | D        | Reached XP level 1. HP: 19/19 MP: 0/0
     8 | D        | Reached skill level 3 in Polearms
    22 | D        | Noticed a hound
    22 | D        | Noticed a black bear
    26 | D        | Reached skill level 4 in Polearms
    26 | D        | Reached XP level 2. HP: 28/28 MP: 1/1
    32 | D        | Killed a black bear
    33 | D        | Reached skill level 8 in Polearms
    33 | D        | Reached XP level 3. HP: 25/38 MP: 2/2
    33 | D        | Reached XP level 4. HP: 29/45 MP: 3/3
    48 | D        | Found a snail-covered altar of Cheibriados.
    48 | D        | Found a shadowy altar of Dithmenos.
    48 | D        | Found a white marble altar of Elyvilon.
    48 | D        | Found a blossoming altar of Fedhas.
    48 | D        | Found an opulent altar of Gozag.
    49 | D        | Found a hazy altar of Hepliaklqana.
    50 | D        | Found a viscous altar of Jiyva.
    51 | D        | Found an ancient bone altar of Kikubaaqudgha.
    52 | D        | Found a corrupted altar of Lugonu.
    53 | D        | Found a burning altar of Makhleb.
    54 | D        | Found a sparkling altar of Nemelex Xobeh.
    55 | D        | Found an iron altar of Okawaru.
    56 | D        | Became a worshipper of Gozag Ym Sagoz the Greedy
    57 | D        | Found a stormy altar of Qazlal.
    58 | D        | Found a sacrificial altar of Ru.
    59 | D        | Found a shimmering blue altar of Sif Muna.
    60 | D        | Found a bloodstained altar of Trog.
    61 | D        | Found a hide-covered altar of Uskayaw.
    62 | D        | Found a radiant altar of Vehumet.
    63 | D        | Found an ornate altar of the Wu Jian Council.
    64 | D        | Found a shimmering altar of Xom.
    65 | D        | Found a basalt altar of Yredelemnul.
    66 | D        | Found a glowing silver altar of Zin.
    67 | D        | Found a glowing golden altar of the Shining One.
    91 | D        | Noticed a kobold brigand
    91 | D        | Noticed an orc warrior
    91 | D        | Noticed a wyvern
    91 | D        | Noticed a wraith
   103 | D        | Killed a wraith
   104 | D        | Reached skill level 10 in Polearms
   104 | D        | Reached XP level 5. HP: 42/56 MP: 4/4
   104 | D        | Reached XP level 6. HP: 47/62 MP: 5/5
   107 | D        | Reached skill level 11 in Polearms
   110 | D        | HP: 3/61 [wyvern (14)]
   113 | D        | Mangled by a wyvern

Illustrated notes

Levels and vault maps discovered:
D:        linesprint [early_d, line_temple, items_1, d_10, items_2, lair_1,
          lair_end, items_3, orc_1, orc_end, items_4, d_15, swamp_1, shoals_1,
          snake_1, spider_1, d_20, vaults_1, items_5, swamp_end, shoals_end,
          snake_end, spider_end, vaults_end, d_27, items_6, zot_1, zot_end,
          crypt_end, forest_end, elf_end, slime_end, tomb_end, abyss_end,
          pan_hell_end]

Skill      XL: |  1  2  3  4  5  6 |
---------------+-------------------+-----
Polearms       | 4 8 10 11 | 11.3
Fighting       | 4 6 8 |  8.7
Armour         | 4 6 8 |  8.7
Shields        | |  3.6

Action                     |  1- 3 |  4- 6 || total
---------------------------+-------+-------++-------
  Melee: Trident           |    21 |    31 ||    52
         Headbutt          |     3 |     5 ||     8
 Armour: Scale mail        |     9 |    11 ||    20
  Dodge: Dodged            |    10 |     7 ||    17
  Block: Buckler           |     9 |     2 ||    11
